Map: [ESL] Cosmic Sapphire

Players

Reynor - Winner!

  • Race: Zerg Zerg
  • Spawn Location: 11:00

Bunny

  • Race: Terran Terran
  • Spawn Location: 5:00

Event: DreamHack SC2 Masters 2022 Valencia

VOD

Have the link to the VOD?

Description

Time

  • Played on: July 2, 2022, 10:30 a.m.
  • Length: 14:36

All games in this series

Show
View Real Time Build Order
Export as new Build Order

Reynor Zerg - Winner!

Build Orders: Hatch First, Lurkers 

Get SALT Encoding   

  12  0:00  Drone  
  13  0:12  Overlord  
  13  0:17  Drone  
  14  0:31  Drone x2  
  16  0:50  Hatchery  
  16  0:51  Drone  
  16  0:55  Drone  
  17  0:57  Drone  
  18  1:09  Extractor  
  17  1:13  Spawning Pool  
  17  1:16  Drone  
  17  1:19  Drone  
  18  1:28  Drone  
  19  1:39  Drone  
  20  1:49  Overlord  
  20  2:00  Queen  
  22  2:02  Queen  
  22  2:03  Zergling x4  
  26  2:11  Drone  
  26  2:13  Drone  
  28  2:22  Drone  
  29  2:24  Drone  
  29  2:29  Hatchery  
  29  2:31  Metabolic Boost  
  29  2:34  Drone  
  30  2:37  Drone  
  31  2:45  Overlord, Drone  
  32  2:55  Queen  
  32  2:56  Drone  
  32  2:57  Drone  
  36  3:05  Drone  
  37  3:07  Drone x2, Overlord  
  37  3:08  Drone  
  40  3:13  Queen  
  40  3:17  Drone x2  
  43  3:28  Zergling x4  
  43  3:32  Queen  
  47  3:38  Overlord  
  47  3:39  Drone  
  47  3:41  Queen  
  48  3:43  Drone  
  51  3:50  Drone x2  
  51  3:52  Drone  
  51  3:53  Queen  
  56  3:59  Overlord  
  56  4:01  Drone  
  57  4:03  Drone x2  
  57  4:05  Drone x2  
  57  4:09  Queen  
  61  4:10  Overlord  
  61  4:12  Drone  
  61  4:14  Drone  
  65  4:19  Queen  
  65  4:21  Drone  
  65  4:22  Baneling Nest  
  65  4:23  Overlord  
  65  4:24  Drone  
  68  4:26  Drone x2  
  68  4:28  Drone  
  71  4:33  Extractor  
  71  4:34  Lair  
  70  4:40  Spore Crawler, Drone  
  70  4:42  Spore Crawler  
  70  4:43  Zergling x6  
  70  4:44  Drone x2  
  74  4:48  Drone x2  
  74  4:49  Overlord  
  74  4:51  Drone x2  
  79  4:52  Drone  
  79  4:55  Overlord  
  79  4:59  Spore Crawler  
  77  5:01  Spore Crawler  
  77  5:02  Drone x2  
  77  5:03  Drone  
  77  5:06  Drone x2  
  81  5:07  Drone  
  81  5:10  Drone  
  83  5:16  Zergling x2  
  84  5:21  Hatchery  
  84  5:22  Drone x3  
  84  5:23  Overlord  
  84  5:28  Evolution Chamber  
  85  5:29  Evolution Chamber  
  85  5:30  Drone x3  
  85  5:34  Overseer  
  87  5:35  Centrifugal Hooks  
  87  5:37  Drone x2  
  87  5:38  Extractor  
  87  5:39  Overlord  
  87  5:41  Zergling x4  
  87  5:42  Zergling x4  
  88  5:50  Drone x6  
  88  5:52  Drone  
  88  5:53  Queen  
  88  5:56  Drone  
  97  5:58  Overlord  
  97  6:00  Extractor  
  97  6:04  Drone, Extractor  
  97  6:05  Extractor, Drone, Zerg Melee Weapons Level 1, Zerg Ground Armor Level 1  
  97  6:09  Drone  
  97  6:10  Drone x3  
  101  6:13  Overlord  
  101  6:16  Zergling x2  
  102  6:22  Zergling x2  
  103  6:26  Zergling x2  
  103  6:27  Zergling x2  
  103  6:31  Zergling x8  
  109  6:34  Hatchery  
  109  6:35  Drone  
  109  6:38  Zergling x4  
  109  6:39  Zergling x6  
  114  6:42  Baneling x5  
  114  6:43  Drone  
  114  6:44  Drone  
  116  6:47  Zergling x2  
  116  6:50  Baneling x4  
  116  6:51  Baneling, Hydralisk Den  
  116  6:52  Drone  
  116  6:53  Queen  
  118  6:54  Zergling x2  
  118  6:56  Drone  
  118  6:59  Drone  
  121  7:06  Zergling x22  
  126  7:09  Drone  
  126  7:11  Spore Crawler  
  126  7:13  Overlord  
  126  7:14  Baneling x6  
  126  7:22  Zergling x12  
  130  7:24  Muscular Augments  
  130  7:25  Baneling x10  
  130  7:26  Overlord  
  130  7:27  Zergling x4  
  130  7:29  Zergling x2  
  133  7:36  Drone x4  
  136  7:38  Extractor  
  136  7:39  Hydralisk x3  
  136  7:40  Hydralisk x2  
  136  7:41  Overlord  
  136  7:42  Overlord x2  
  143  7:45  Overlord  
  143  7:47  Baneling  
  143  7:48  Overseer  
  143  7:52  Overlord  
  143  7:56  Drone x6  
  143  7:57  Drone  
  149  8:00  Zerg Ground Armor Level 2  
  149  8:02  Extractor, Drone  
  149  8:03  Drone x2  
  149  8:04  Extractor, Hydralisk  
  152  8:06  Zergling x2  
  152  8:07  Queen  
  152  8:09  Drone x7  
  161  8:14  Zergling x8  
  161  8:19  Hydralisk, Overseer  
  167  8:20  Zergling x2, Zerg Melee Weapons Level 2  
  167  8:23  Zergling x4  
  167  8:24  Infestation Pit  
  167  8:25  Overlord  
  168  8:28  Spore Crawler  
  168  8:33  Drone x5  
  171  8:34  Zergling x10  
  171  8:36  Hydralisk  
  171  8:37  Hydralisk, Zergling x4  
  171  8:38  Grooved Spines  
  171  8:40  Overlord  
  182  8:42  Baneling x6  
  182  8:45  Zergling x2  
  182  8:46  Zergling x4  
  186  8:48  Zergling x2  
  186  8:53  Hydralisk, Zergling x6  
  186  8:54  Zergling x2  
  186  9:01  Zergling x24  
  195  9:05  Baneling x15  
  195  9:06  Zergling x2  
  196  9:11  Hive  
  196  9:13  Zergling x6  
  196  9:14  Overlord  
  197  9:28  Overlord  
  188  9:35  Zergling x34  
  186  9:42  Hydralisk, Zergling x2  
  186  9:43  Queen, Zergling x4  
  186  9:44  Queen  
  186  9:45  Hydralisk  
  188  9:49  Zergling x4  
  191  9:54  Baneling x5  
  191  9:58  Lurker Den  
  180  10:01  Zergling x24  
  180  10:02  Zergling x2  
  180  10:04  Hydralisk  
  180  10:06  Baneling x9  
  188  10:07  Zergling x2  
  188  10:12  Zergling x4  
  180  10:16  Zergling x2, Hatchery  
  170  10:22  Zergling x12  
  170  10:26  Extractor  
  170  10:27  Extractor  
  174  10:28  Zergling x8  
  174  10:31  Zergling x4  
  174  10:35  Zergling x2  
  177  10:38  Zerg Ground Armor Level 3, Zerg Melee Weapons Level 3  
  177  10:39  Viper x2  
  177  10:40  Hatchery  
  177  10:42  Pneumatized Carapace  
  181  10:43  Zergling x2  
  181  10:46  Hydralisk  
  181  10:47  Zergling x2  
  185  10:52  Hatchery, Overseer  
  185  10:56  Baneling x11  
  184  10:58  Zergling x8  
  190  11:04  Zergling x4  
  190  11:07  Zergling x4  
  190  11:08  Zergling x8  
  196  11:12  Zergling x2  
  196  11:13  Zergling x4  
  196  11:16  Baneling x9  
  199  11:23  Zergling x8  
  187  11:43  Drone x2  
  187  11:44  Drone x5  
  190  11:47  Lurker x5  
  190  11:48  Lurker x2  
  190  11:51  Seismic Spines  
  190  11:53  Queen, Drone  
  187  12:18  Zergling x52  
  181  12:23  Hydralisk  
  181  12:28  Hydralisk  
  178  12:31  Zergling x6  
  178  12:32  Zergling x4  
  178  12:34  Zergling x12  
  180  12:40  Hydralisk x2  
  180  12:41  Zergling x8  
  180  12:42  Queen  
  186  12:46  Zergling x4  
  186  12:48  Zergling x2  
  185  12:52  Zergling x10, Hydralisk  
  185  12:53  Hydralisk  
  185  12:54  Adaptive Talons  
  185  12:57  Zergling x2  
  193  12:58  Adrenal Glands  
  193  13:03  Zergling x10  
  193  13:04  Zergling x4  
  193  13:05  Zergling x6  
  189  13:11  Zergling x4  
  185  13:17  Hydralisk  
  185  13:18  Zergling x8  
  190  13:22  Zergling x2  
  190  13:26  Zergling x6  
  190  13:27  Zergling x2, Overseer  
  195  13:33  Baneling x14  
  195  13:35  Overlord  
  195  13:42  Drone, Hatchery  
  195  13:44  Zergling x2  
  195  13:46  Baneling x22  
  191  13:57  Zergling x20  
  191  14:01  Baneling x10  
  199  14:11  Zergling x18  
  199  14:14  Overseer  
Show
View Real Time Build Order
Export as new Build Order

Bunny Terran 

Build Orders: Command Center First (CC), Banshee Rush 

Get SALT Encoding   

  12  0:00  SCV  
  13  0:12  SCV  
  14  0:17  Supply Depot  
  14  0:24  SCV  
  15  0:38  SCV  
  16  0:50  SCV  
  17  0:58  Command Center  
  17  1:03  SCV  
  18  1:12  Barracks  
  18  1:15  SCV  
  19  1:20  Refinery  
  19  1:27  SCV  
  19  1:28  Refinery  
  20  1:39  SCV  
  21  1:51  SCV  
  22  1:59  Marine  
  23  2:03  Orbital Command  
  23  2:10  Orbital Command  
  23  2:11  Factory  
  23  2:17  Barracks Reactor  
  24  2:30  SCV  
  24  2:35  SCV  
  25  2:42  SCV  
  26  2:47  SCV  
  26  2:50  Command Center  
  27  2:54  SCV  
  28  2:59  SCV  
  28  3:00  Starport  
  28  3:05  Hellion  
  31  3:09  Hellion  
  31  3:11  Barracks Tech Lab  
  31  3:12  SCV  
  34  3:15  SCV  
  34  3:19  Supply Depot  
  35  3:24  SCV  
  36  3:27  SCV  
  37  3:36  SCV  
  37  3:41  Hellion x2, SCV  
  43  3:43  Cloaking Field, Banshee  
  43  3:45  Barracks Tech Lab  
  46  3:53  Supply Depot  
  46  4:02  SCV x2  
  48  4:03  Orbital Command  
  48  4:06  Stimpack  
  48  4:07  Marine  
  49  4:14  Barracks  
  49  4:15  Barracks, SCV x2  
  49  4:16  Factory Reactor  
  51  4:26  Banshee  
  51  4:27  SCV, Supply Depot  
  51  4:28  SCV  
  56  4:31  Orbital Command  
  56  4:38  Engineering Bay x2, Marine  
  57  4:40  SCV x2  
  59  4:47  Refinery  
  59  4:48  Refinery  
  59  4:52  SCV x2, Supply Depot  
  61  4:59  Barracks  
  61  5:00  Barracks, SCV  
  61  5:04  SCV  
  61  5:07  SCV  
  61  5:12  SCV  
  61  5:14  Marine x5  
  63  5:16  Siege Tank  
  63  5:17  Starport Reactor  
  63  5:18  Terran Infantry Weapons Level 1  
  63  5:20  Terran Infantry Armor Level 1  
  71  5:25  SCV  
  71  5:26  SCV x2  
  71  5:28  Supply Depot  
  74  5:32  Marine x4  
  74  5:34  Marine  
  79  5:41  SCV x3  
  82  5:53  Marine x3  
  82  5:54  Barracks Reactor x2  
  82  5:56  Siege Tank  
  82  5:57  Medivac x2  
  90  5:59  Supply Depot  
  90  6:00  SCV, Supply Depot  
  90  6:02  SCV x2  
  93  6:06  Combat Shield  
  93  6:12  Armory  
  93  6:16  Refinery  
  93  6:20  SCV, Marine  
  93  6:21  Marine x4, SCV x2, Supply Depot  
  101  6:27  Medivac  
  101  6:31  Medivac  
  105  6:33  SCV x3  
  105  6:38  Marine  
  109  6:42  Marine x6, Widow Mine  
  109  6:44  Supply Depot  
  117  6:53  Supply Depot  
  117  6:57  Factory  
  117  7:02  Marine  
  117  7:03  Marine x2  
  117  7:04  SCV x2  
  117  7:05  SCV  
  117  7:06  Marine x6  
  119  7:10  Widow Mine  
  119  7:12  Drilling Claws  
  120  7:16  SCV x2  
  120  7:17  SCV  
  120  7:20  Marine  
  120  7:21  Marine x2  
  124  7:24  Marine x2  
  124  7:27  Supply Depot  
  124  7:29  Command Center  
  126  7:30  Sensor Tower  
  126  7:32  Marine x4  
  126  7:33  Concussive Shells  
  126  7:35  Widow Mine  
  129  7:38  Marine, Marauder  
  129  7:39  Marine  
  133  7:46  Supply Depot x2  
  133  7:49  SCV x3, Medivac x2  
  133  7:50  Supply Depot, Factory Reactor  
  140  7:56  Marine  
  141  8:05  Supply Depot  
  141  8:06  Terran Infantry Armor Level 2, Terran Infantry Weapons Level 2  
  141  8:07  Marine x4, Widow Mine  
  147  8:14  Supply Depot  
  147  8:15  Marauder  
  149  8:20  Marine x4  
  149  8:22  Medivac  
  149  8:24  Medivac  
  149  8:25  Marine x4  
  161  8:29  Widow Mine x3  
  164  8:36  Marine  
  164  8:37  Barracks x2  
  164  8:38  Barracks  
  165  8:47  Marine x8  
  173  8:55  Medivac x2, Marauder, Widow Mine x3  
  181  9:04  Marine  
  181  9:05  SCV, Marine x2  
  181  9:06  SCV x2  
  187  9:10  Marine x5  
  187  9:16  Marauder, Widow Mine  
  196  9:28  Marine  
  196  9:29  Barracks Tech Lab x3, Marine  
  196  9:30  Widow Mine  
  195  9:31  Liberator  
  195  9:32  Widow Mine  
  195  9:34  Liberator  
  195  9:37  Marauder  
  189  9:42  Marine x6  
  184  9:46  Marine  
  184  9:47  Marine, Planetary Fortress  
  184  9:51  SCV x3  
  185  9:55  Marauder  
  185  9:56  Marauder  
  185  9:59  Marauder  
  180  10:01  Marine x5  
  180  10:03  SCV, Widow Mine  
  188  10:12  Widow Mine  
  188  10:13  Widow Mine  
  180  10:14  Medivac  
  180  10:17  SCV x3, Medivac  
  180  10:20  Marauder  
  162  10:24  Widow Mine  
  162  10:25  Marauder x2  
  156  10:29  SCV x3  
  156  10:31  Marine  
  156  10:32  Marine x8  
  156  10:33  Hellion  
  160  10:41  Marauder  
  162  10:44  Medivac  
  162  10:45  Marine  
  162  10:46  Marauder  
  162  10:47  Medivac  
  173  10:50  Marauder, Widow Mine x2  
  173  10:54  Widow Mine  
  177  11:03  Marine x7, Marauder  
  188  11:04  Marauder  
  188  11:07  Ghost Academy  
  188  11:08  Refinery  
  188  11:09  Refinery  
  188  11:13  Terran Infantry Weapons Level 3  
  188  11:17  Marine  
  187  11:19  Marauder  
  187  11:21  Marine  
  187  11:22  Marauder  
  187  11:24  Marauder  
  188  11:37  Widow Mine  
  188  11:39  Marauder, Widow Mine  
  186  11:40  Marine x2  
  186  11:44  Marine x3  
  185  11:47  Marine  
  185  11:48  Marine x2  
  185  11:50  Terran Infantry Armor Level 3  
  188  11:54  Marine x3, Command Center  
  188  11:55  Refinery  
  188  11:56  Command Center  
  188  12:04  Ghost  
  187  12:12  Ghost x2  
  187  12:13  Ghost  
  146  12:28  Marine x6, Command Center  
  146  12:29  Marine  
  143  12:33  Ghost  
  145  12:39  Marine  
  145  12:40  Ghost  
  145  12:41  Marine  
  145  12:42  Marine  
  142  12:46  Marine x5  
  142  12:48  Widow Mine x2  
  133  12:51  Medivac  
  123  12:59  Widow Mine  
  120  13:09  Widow Mine x2  
  120  13:11  Orbital Command  
  124  13:13  Medivac  
  124  13:19  Ghost  
  123  13:20  Ghost x2  
  123  13:21  Medivac  
  123  13:22  Marine x3  
  123  13:24  Marine  
  133  13:42  Planetary Fortress  
  129  13:58  Ghost  
  129  13:59  Marine x8  

Tags
 
Add a new tag
Caveats
  • Supply blocks, unpowered buildings, or Contaminate may cause inaccurate times.
  • Supply counts are checked every 10 seconds.